AoeStats
← Drovka

Nomad

507834784Analyzed
4v4 RM · 11d ago on Sep 19, 2026· 79m 59s· 8 players
Game mode
Random Map
Map size
231×231
Population
200
Speed
Normal
Resources
Standard
Victory
Conquest
Starting age
Dark Age
Ending age
Imperial Age
RankedLock teamsTeams togetherTeam positionsShared explorationLock speedFull tech treeHidden civsTurbo modeCheats
Victory
Defeat
🇩🇪 Persians · Germany
1262
+16
🇺🇸 Khmer · United States
1249
+17
🇵🇱 Koreans · Poland
1240
+17
🇺🇸 Cumans · United States
1213
+18
🇨🇴 Malay · Colombia
1291
-18
🇹🇼 Vietnamese · Taiwan
1278
-18
🇨🇴 Maya · Colombia
1274
-17
🇨🇳 Bulgarians · China
1214
-15
tracter3515
9:45 Loom
12:55 Feudal Age
19:41 Wheelbarrow
34:57 Fishing Lines
39:39 Man-at-Arms
40:04 Arson
44:03 Double-Bit Axe
47:44 Castle Age
48:31 Squires
47:56 Long Swordsman
49:11 Hand Cart
55:27 Forging
55:17 Scale Mail Armor
57:37 Gillnets
61:01 Fletching
62:49 Bodkin Arrow
62:54 Padded Archer Armor
63:42 Thumb Ring
66:13 Elite Skirmisher
70:21 Leather Archer Armor
70:30 Ballistics
Firkrag
7:00 Loom
13:26 Feudal Age
17:24 Castle Age
17:03 Double-Bit Axe
18:38 Bow Saw
21:11 Fletching
22:58 Bodkin Arrow
24:31 Horse Collar
25:32 Heavy Plow
26:04 Ballistics
26:15 Town Watch
30:42 Wheelbarrow
30:56 Gold Mining
36:36 Imperial Age
36:42 Masonry
38:24 Hand Cart
39:14 Two-Man Saw
38:21 Bracer
38:42 Elite War Wagon
40:25 Siege Engineers
41:20 Chemistry
40:51 Architecture
42:29 Forging
42:25 Scale Barding Armor
43:48 Conscription
68:03 Eupseong
70:33 Town Patrol
77:11 Chain Barding Armor
77:48 Light Cavalry
78:28 Husbandry
80:27 Iron Casting
sergey_mashkov
4:50 Loom
14:37 Feudal Age
16:26 Double-Bit Axe
20:36 Castle Age
18:22 Horse Collar
18:43 Stone Mining
22:35 Wheelbarrow
24:30 Fletching
25:20 Husbandry
27:42 Bloodlines
28:31 Bow Saw
30:35 Ballistics
30:14 Town Watch
30:50 Hand Cart
30:56 Tusk Swords
31:37 Bodkin Arrow
31:42 Padded Archer Armor
35:54 Imperial Age
33:46 Leather Archer Armor
33:37 Scale Barding Armor
33:43 Forging
34:16 Masonry
35:09 Heavy Plow
35:14 Gold Mining
37:02 Conscription
36:51 Elite Ballista Elephant
39:24 Double Crossbow
39:47 Bracer
40:12 Chain Barding Armor
41:45 Elite Battle Elephant
61:14 Gold Shaft Mining
66:30 Tusk Swords
67:16 Iron Casting
67:27 Plate Barding Armor
67:23 Ring Archer Armor
71:17 Caravan
76:45 Blast Furnace
borgg39
8:10 Loom
12:45 Feudal Age
17:51 Castle Age
16:37 Double-Bit Axe
17:16 Fletching
19:34 Medium Warships
24:09 Pikeman
24:50 Scale Mail Armor
25:01 Forging
28:54 Wheelbarrow
28:26 Scale Barding Armor
28:32 Forging
31:15 Chain Barding Armor
31:17 Bloodlines
31:44 Horse Collar
32:48 Husbandry
33:06 Hand Cart
37:18 Imperial Age
35:40 Iron Casting
36:44 Heavy Plow
36:57 Bow Saw
37:30 Cavalier
40:23 Halberdier
42:09 Crop Rotation
43:16 Plate Barding Armor
45:33 Blast Furnace
46:35 Two-Man Saw
45:32 Bodkin Arrow
47:01 Conscription
46:32 Capped Ram
47:29 Chain Mail Armor
50:18 Light Cavalry
51:41 Hussar
51:51 Savar
60:07 Kamandaran
60:21 Man-at-Arms
61:02 Squires
63:31 Chemistry
62:51 Ballistics
62:03 Crossbowman
62:48 Thumb Ring
62:46 Padded Archer Armor
63:16 Plate Mail Armor
69:17 Leather Archer Armor
MZTK | John_Wick
10:11 Loom
15:19 Feudal Age
16:10 Town Watch
19:01 Castle Age
17:50 Scale Barding Armor
18:35 Forging
18:29 Double-Bit Axe
30:41 Fletching
35:13 Wheelbarrow
37:54 Redemption
42:27 Iron Casting
43:03 Horse Collar
43:34 Bow Saw
47:10 Hand Cart
53:34 Imperial Age
51:48 Squires
51:34 Arson
53:05 Forced Levy
53:25 Conscription
52:30 Man-at-Arms
55:05 Blast Furnace
53:32 Long Swordsman
54:46 Fishing Lines
54:47 Two-Handed Swordsman
56:59 Gillnets
64:33 Bodkin Arrow
64:57 Elite Battle Elephant
65:38 Husbandry
65:47 Town Patrol
Drovka
4:07 Loom
13:17 Feudal Age
17:05 Double-Bit Axe
17:36 Horse Collar
19:53 Gold Mining
27:01 Wheelbarrow
30:43 Castle Age
28:58 Fletching
29:29 Padded Archer Armor
31:39 Heavy Plow
31:50 Bow Saw
31:09 Elite Skirmisher
32:09 Bodkin Arrow
32:14 Pikeman
36:15 Town Watch
37:33 Scale Mail Armor
37:44 Forging
46:47 Imperial Age
43:45 Eagle Warrior
45:16 Eagle Warrior
46:23 Chain Mail Armor
46:19 Forging
46:51 Hand Cart
48:01 Iron Casting
47:30 Bracer
46:53 Imperial Skirmisher
50:32 Leather Archer Armor
50:55 Town Watch
52:02 Plate Mail Armor
52:08 Iron Casting
51:34 Elite Eagle Warrior
53:26 Conscription
55:12 Two-Man Saw
54:42 Crop Rotation
55:15 Blast Furnace
56:01 Squires
55:23 Halberdier
55:33 Capped Ram
58:24 Chemistry
57:05 Treadmill Crane
57:35 Masonry
57:20 Stone Mining
60:53 Hul'che Javelineers
62:43 Holcans
66:04 Ballistics
66:15 Architecture
67:55 Arson
70:00 Siege Ram
C8AN
5:17 Loom
13:25 Feudal Age
18:01 Castle Age
19:56 Gold Mining
20:46 Wheelbarrow
20:27 Double-Bit Axe
20:40 Fletching
23:56 Bow Saw
25:35 Bodkin Arrow
26:55 Horse Collar
30:44 Heavy Plow
37:35 Imperial Age
36:17 Stone Mining
40:04 Chemistry
43:39 Bracer
43:13 Elite Fire Lancer
56:23 Padded Archer Armor
57:09 Elite Skirmisher
58:43 Leather Archer Armor
57:53 Imperial Skirmisher
68:16 Town Watch
68:47 Hand Cart
71:30 Ballistics
74:39 Pikeman
75:19 Squires
79:33 Scale Mail Armor
79:43 Forging
小明
5:40 Loom
13:57 Feudal Age
19:46 Castle Age
18:17 Double-Bit Axe
19:21 Horse Collar
21:10 Fletching
21:21 Padded Archer Armor
22:00 Bow Saw
27:20 Wheelbarrow
27:33 Bodkin Arrow
28:00 Stone Mining
28:11 Gold Mining
29:21 Ballistics
30:05 Gold Shaft Mining
30:13 Stone Shaft Mining
30:33 Forging
30:30 Scale Barding Armor
30:16 Town Watch
32:54 Chain Barding Armor
33:37 Hand Cart
34:54 Stirrups
38:11 Imperial Age
36:24 Iron Casting
38:14 Elite Konnik
40:21 Blast Furnace
39:57 Plate Barding Armor
40:53 Chemistry
40:31 Conscription
41:32 Scale Mail Armor
43:46 Bracer
44:02 Chain Mail Armor
47:29 Masonry
58:59 Bloodlines
58:50 Husbandry
58:10 Light Cavalry
59:53 Hussar
60:50 Heavy Plow
62:26 Architecture
67:29 Crop Rotation
70:48 Plate Mail Armor
Connection lost

Rejoining the realm…

Still unreachable

The connection could not be restored.

Session expired

The server has moved on; the page needs a fresh start.